 Dungeon Crawl Stone Soup version 0.27.0-1-g7a089689b8 (webtiles) character file.

Game seed: 17254233143795588449

811 spiderkeys the Sneak (level 7, 0/32 HPs)
             Began as a Spriggan Enchanter on Aug 6, 2021.
             Slain by a mummy (4 damage)
             ... in an ossuary.
             The game lasted 00:08:50 (4040 turns).

spiderkeys the Sneak (Spriggan Enchanter)           Turns: 4040, Time: 00:08:51

Health: 0/32       AC:  3    Str:  3 (4)  XL:     7   Next: 61%
Magic:  13/15      EV: 18    Int: 16 (17) God:
Gold:   221        SH:  5    Dex: 15 (17) Spells: 10/16 levels left

rFire    . . .     SeeInvis +   j - +2 rapier (freeze)
rCold    . . .     Faith    .   t - +0 buckler
rNeg     + . .     Spirit   .   b - +1 robe
rPois    .         Reflect  .   (helmet restricted)
rElec    .         Harm     .   (no cloak)
rCorr    .         Rampage  .   (gloves unavailable)
Will     +....                  (boots unavailable)
Stlth    ++++......             (no amulet)
HPRegen  0.10/turn              N - ring of positive energy
MPRegen  0.14/turn              (no ring)

@: very quick
A: very small, no large weapons, unfitting armour, see invisible, speed 3
a: no special abilities


You were in an ossuary.
You visited 1 branch of the dungeon, and saw 6 of its levels.
You also visited: Ossuary.

You collected 356 gold pieces.
You spent 135 gold pieces at shops.


Innate Abilities, Weirdness & Mutations

You are very small and have problems with some larger weapons.
You are too small for most types of armour.
You have supernaturally acute eyesight. (SInv)
You cover ground extremely quickly. (Speed+++)


   Skills:
 + Level 4.2 Short Blades
 + Level 5.6 Dodging
 + Level 7.4 Stealth
 + Level 5.2 Spellcasting
 + Level 5.8 Hexes


You had 10 spell levels left.
You knew the following spells:

 Your Spells              Type           Power      Damage    Failure   Level
c - Corona                Hex            24%        N/A       2%          1
e - Ensorcelled Hibernat  Hex/Ice        26%        N/A       12%         2
t - Confusing Touch       Hex            22%        N/A       7%          3

Your spell library contained the following spells:

 Spells                   Type           Power      Damage    Failure   Level
 Tukima's Dance           Hex            22%        N/A       7%          3
 Dazzling Flash           Conj/Hex       26%        N/A       22%         3
 Freeze                   Ice            16%        1d4       26%         1
 Pain                     Necr           16%        1d4       26%         1
 Sandblast                Erth           8%         2d5       26%         1
 Blink                    Tloc           N/A        N/A       36%         2
 Passwall                 Tmut/Erth      3%         N/A       36%         2
 Frozen Ramparts          Ice            8%         1d2       58%         3
 Lesser Beckoning         Tloc           2%         N/A       58%         3
 Hailstorm                Conj/Ice       4%         3d4       94%         4
 Agony                    Necr           4%         N/A       100%        5
 Excruciating Wounds      Necr           2%         N/A       100%        5
 Lee's Rapid Deconstruct  Erth           2%         3d5*      100%        5
 Manifold Assault         Tloc           4%         N/A       100%        5

Inventory:

Hand Weapons
 a - a +1 dagger
 c - a +2 dagger of draining
   (You bought it in a shop on level 1 of the Dungeon)
 j - a +2 rapier of freezing (weapon)
   (You found it on level 2 of the Dungeon)
Missiles
 g - 2 boomerangs
 h - 40 sling bullets
 i - 12 poisoned darts
 l - 71 stones
Armour
 b - a +1 robe (worn)
 t - a +0 buckler (worn)
   (You found it on level 5 of the Dungeon)
Jewellery
 N - a ring of positive energy (left hand)
   (You found it on level 3 of the Dungeon)
Wands
 n - a wand of iceblast (8)
   (You found it on level 6 of the Dungeon)
 r - a wand of acid (2)
   (You found it on level 2 of the Dungeon)
Scrolls
 f - a scroll of immolation {!r!r}
 p - 2 scrolls of teleportation {@r4}
Potions
 q - a potion of flight

Dungeon Overview and Level Annotations

Branches:
Dungeon (6/15)            Ossuary (1/1)
 Temple: D:4-7

Altars:
Ashenzari
Dithmenos
Nemelex Xobeh
Qazlal
Sif Muna
The Shining One

Shops:
D:1 (*([(

Annotations:
D:5 Edmund

#∩.∩#
##.## #'#
##.##
#...###
+...'.##
#...#..##
##+###..#
##@# #M.#
##.# .!
.## +#


You could see a mummy (confused).


Message History

😕 HP[+1]
A ball python and a dart slug come into view.
An adder comes into view.
A giant cockroach and a skeleton come into view.
A ball python comes into view.
The helpless scorpion fails to defend itself.
You impale the scorpion!! You freeze the scorpion.
You kill the scorpion!
The adder hisses angrily.
The ball python hisses angrily.
A hobgoblin and an orc come into view.
The helpless dart slug fails to defend itself.
You impale the dart slug!! You freeze the dart slug.
You kill the dart slug!
You barely miss the hobgoblin. The adder bites you.
The hobgoblin closely misses you. 😕 HP[-2]
You take 2 damage, and now have 29/32 hp.
You barely miss the hobgoblin.
The orc shouts!
The ball python hisses angrily.
The adder misses you. The hobgoblin completely misses you.
The ball python misses you. x2
You completely miss the hobgoblin. The adder bites you but does no damage.
You block the ball python's attack. The ball python misses you.
The hobgoblin closely misses you. The adder misses you. 😕 HP[+1]
You hit the orc. You freeze the orc. The hobgoblin barely misses you.
The orc barely misses you.
You hit the orc. You freeze the orc.
You kill the orc!
You block the adder's attack. The hobgoblin misses you. The adder misses you.
The hobgoblin hits you. 😕 HP[-1]
You take 1 damage, and now have 29/32 hp.
Things that are here:
a +0 short sword; a +0 leather armour; an orc corpse You open the door.
A mummy comes into view.
Found a sand-covered staircase. 😕 HP[+1]
There is an open door here.
The helpless mummy fails to defend itself.
You impale the mummy!! You freeze the mummy.
You destroy the mummy!
There is a sand-covered staircase here.
The world spins around you as you enter the gateway.
You enter an ossuary!
Found a gate leading back out of this place.
There is an empty arch of ancient stone here.
You open the door.
A gnoll skeleton comes into view. 😎 HP[+2]
Your hp is fully restored (32).
There is an open door here.
You hit the gnoll skeleton. The gnoll skeleton hits you. 😕 HP[-1]
You take 1 damage, and now have 31/32 hp.
You hit the gnoll skeleton. The gnoll skeleton closely misses you.
You hit the gnoll skeleton.
The gnoll skeleton hits you but does no damage.
You puncture the gnoll skeleton!
You destroy the gnoll skeleton!
No target in view!
You open the door.
An orc skeleton comes into view. 😎 HP[+1]
Your hp is fully restored (32).
An orc skeleton is nearby!
An orc skeleton is nearby!
A mummy comes into view.
There is an open door here.
You hit the orc skeleton. The orc skeleton misses you.
You puncture the orc skeleton!
You destroy the orc skeleton!
You hit the mummy. The mummy misses you.
You hit the mummy but do no damage. The mummy hits you! 😮 HP[-15]
You take 15 damage, and now have 17/32 hp.
MASSIVE DAMAGE!! (PAUSE)
Casting: Ensorcelled Hibernation (safe; 12% risk of failure)
Confirm with . or Enter, or press ? or * to list all spells.
You can't see any susceptible monsters within range! (Use Z to cast anyway.) Unknown command.
Casting: Ensorcelled Hibernation (safe; 12% risk of failure)
Confirm with . or Enter, or press ? or * to list all spells.
The spell is quite dangerous to cast (7% risk of failure)!
Continue anyway?
Your hands begin to glow red. 😮 HP[+1] MP[-3]
You lost 3 mp, and now have 12/15 mp.
You hit the mummy but do no damage.
The mummy appears confused.
You hit the mummy. You freeze the mummy. You hit the mummy. The mummy hits you!
* * * LOW HITPOINT WARNING * * *
😱 HP[-14]
You take 14 damage, and now have 4/32 hp.
MASSIVE DAMAGE!! (PAUSE)
You hit the mummy but do no damage. The mummy closely misses you.
You hit the mummy but do no damage. You hit the mummy. You freeze the mummy.
The mummy hits you.
You die...

Skill      XL: |  1  2  3  4  5  6 |
---------------+-------------------+-----
Dodging        | 3 4 5 |  5.6
Spellcasting   | 3 4 5 |  5.2
Hexes          | 4 5 |  5.8
Stealth        | 5 6 7 |  7.4
Short Blades   | 2 3 4 |  4.2

Action                   |  1- 3 |  4- 6 |  7- 9 || total
-------------------------+-------+-------+-------++-------
Melee: Dagger            |   145 |       |       ||   145
       Rapier            |    41 |    82 |    32 ||   155
 Cast: Ensorcelled Hiber |       |     7 |     1 ||     8
       Confusing Touch   |       |       |     1 ||     1
  Use: Scroll            |     7 |       |     4 ||    11
       Potion            |     1 |       |     5 ||     6
 Stab: Sleeping          |    15 |     8 |     4 ||    27
Armor: Robe              |    20 |    13 |     2 ||    35
Dodge: Dodged            |   139 |    69 |    23 ||   231
Block: Buckler           |       |       |     4 ||     4

Levels and vault maps discovered:
D:1:      roderic_crop_circles_arrival_small, layout_basic,
          ebering_ecumenical_altar_box, serial_shops,
          nicolae_shop_temple_entry_statues_fountains, shop_coins, shop, shop,
          shop, hex_intersection
D:2:      layout_basic, minmay_puff
D:3:      layout_rooms, serial_bayou_pond_b
D:4:      layout_basic, nemelex_dance_club_becter, nicolae_ossuary_entry_giza,
          grunt_decor_fettered, minmay_bent, uniq_crazy_yiuf_cottage
D:5:      layout_cave_pools, grunt_qazlal_clouds,
          gammafunk_temple_overflow_forgotten, gammafunk_ghost_grave,
          st_stairs_1, uniq_edmund, uniq_duvessa, uniq_blork_the_orc
D:6:      layout_loops_ring, mainiacjoe_overflow_small_starburst,
          corexii_corridor_pit, lemuel_flamethrower_2
Ossuary:  ossuary_due_small_catacomb

Notes
Turn   | Place    | Note
-------+----------+-------------------------------------------
     0 | D:1      | spiderkeys the Spriggan Enchanter began the quest for the
                  | Orb.
     0 | D:1      | Reached XP level 1. HP: 9/9 MP: 5/5
     0 | D:1      | magus.rc [v1.9.10]
    22 | D:1      | Found Rabossat's General Store.
    81 | D:1      | HP: 2/9 [giant cockroach (2)]
   277 | D:1      | Found Acohij's Weapon Shoppe.
   426 | D:1      | Reached XP level 2. HP: 13/13 MP: 6/6
   431 | D:1      | Learned a level 2 spell: Ensorcelled Hibernation
   451 | D:1      | Found Lyiw's Weapon Shop.
   462 | D:1      | Found Gozinet's Antique Armour Emporium.
   485 | D:1      | Reached skill level 3 in Dodging
   544 | D:1      | Found a faded altar of an unknown god.
   556 | D:1      | Reached skill level 3 in Spellcasting
   732 | D:1      | Found Zeserghu's Antique Weapon Shop.
  1218 | D:1      | Bought a glowing dagger for 135 gold pieces
  1297 | D:2      | HP: 3/13 [adder (1)]
  1300 | D:2      | Reached skill level 4 in Hexes
  1300 | D:2      | Reached XP level 3. HP: 14/16 MP: 8/8
  1432 | D:2      | Reached skill level 5 in Stealth
  1908 | D:2      | Reached skill level 2 in Short Blades
  2006 | D:3      | Noticed an ogre
  2018 | D:3      | Killed an ogre
  2019 | D:3      | Reached XP level 4. HP: 21/21 MP: 8/10
  2019 | D:3      | Reached XP level 5. HP: 24/24 MP: 8/11
  2090 | D:3      | You pick up a book of Frost and begin reading...
  2090 | D:3      | You add the spells Freeze, Frozen Ramparts and Hailstorm to
                  | your library.
  2109 | D:3      | Reached skill level 4 in Dodging
  2218 | D:3      | Learned a level 3 spell: Confusing Touch
  2570 | D:3      | You fall into a shaft and drop 3 floors!
  2591 | D:6      | Reached skill level 6 in Stealth
  2591 | D:6      | Reached skill level 4 in Spellcasting
  2644 | D:6      | Found a shimmering blue altar of Sif Muna.
  2771 | D:6      | You pick up a book of Geomancy and begin reading...
  2771 | D:6      | You add the spells Sandblast, Passwall and Lee's Rapid
                  | Deconstruction to your library.
  2794 | D:6      | Reached skill level 3 in Short Blades
  2794 | D:6      | Reached XP level 6. HP: 23/28 MP: 13/13
  2888 | D:6      | HP: 4/28 [iguana (11)]
  3162 | D:6      | Reached skill level 5 in Hexes
  3387 | D:5      | Entered Level 5 of the Dungeon
  3389 | D:5      | You pick up a book of Spatial Translocations and begin
                  | reading...
  3389 | D:5      | You add the spells Blink, Lesser Beckoning and Manifold
                  | Assault to your library.
  3390 | D:5      | Noticed a sky beast
  3391 | D:5      | Found a shadowy altar of Dithmenos.
  3408 | D:5      | Killed a sky beast
  3417 | D:5      | Found a glowing golden altar of the Shining One.
  3417 | D:5      | Found a broken altar of Ashenzari.
  3427 | D:5      | Noticed a komodo dragon
  3449 | D:5      | Killed a komodo dragon
  3450 | D:5      | Reached skill level 4 in Short Blades
  3450 | D:5      | Reached skill level 5 in Dodging
  3450 | D:5      | Reached skill level 7 in Stealth
  3450 | D:5      | Reached skill level 5 in Spellcasting
  3450 | D:5      | Reached XP level 7. HP: 31/32 MP: 15/15
  3456 | D:5      | You pick up a book of Pain and begin reading...
  3456 | D:5      | You add the spells Pain, Agony and Excruciating Wounds to
                  | your library.
  3459 | D:5      | Found a stormy altar of Qazlal.
  3482 | D:5      | HP: 6/32 [ogre (26)]
  3494 | D:5      | Noticed Edmund
  3505 | D:5      | HP: 6/32 [dart slug/slug dart (1)]
  3808 | D:4      | Found a sparkling altar of Nemelex Xobeh.
  3990 | D:4      | Found a sand-covered staircase.
  3995 | Ossuary  | Entered an ossuary
  4037 | Ossuary  | HP: 4/32 [mummy (14)]
  4040 | Ossuary  | Slain by a mummy

Vanquished Creatures
  A komodo dragon (D:5)
  A sky beast (D:5)
  An ogre (D:3)
  A bullfrog (D:6)
  2 scorpions
  A bullfrog skeleton (D:3)
  2 centaur skeletons (D:6)
  An iguana (D:6)
  A mummy (D:4)
  2 adders (D:2)
  2 worms
  2 dart slugs
  3 orcs
  8 ball pythons
  2 endoplasms (D:3)
  8 giant cockroaches
  7 goblins
  5 hobgoblins
  2 jackals
  3 kobolds
  2 quokkas
  5 bats
  8 frilled lizards
  A gnoll skeleton (Ossuary)
  An orc skeleton (Ossuary)
  4 rats
76 creatures vanquished.

Vanquished Creatures (others)
  16 plants
16 creatures vanquished.

Grand Total: 92 creatures vanquished

Table legend:
 A = Non-vault XP
 B = Vault XP
 C = Vault XP percentage of total XP
 D = Non-vault monster count
 E = Vault monster count
 F = Vault count percentage of total count
                 A         B        C        D         E       F
            +---------+---------+-------+---------+---------+-------
      Total |    1027 |     132 |  11.4 |      60 |      16 |  21.1
            +---------+---------+-------+---------+---------+-------
        D:1 |      29 |       0 |   0.0 |      18 |       0 |   0.0
        D:2 |      39 |      14 |  26.4 |      12 |       6 |  33.3
        D:3 |     180 |      12 |   6.2 |      17 |       5 |  22.7
        D:4 |      12 |     104 |  89.7 |       5 |       3 |  37.5
        D:5 |     476 |       0 |   0.0 |       2 |       0 |   0.0
        D:6 |     291 |       0 |   0.0 |       6 |       0 |   0.0
    Ossuary |       0 |       2 | 100.0 |       0 |       2 | 100.0
            +---------+---------+-------+---------+---------+-------

Illustrated notes

Table legend:
 A = Kills in this place as a percentage of kills in entire the game.
 B = Kills by you in this place as a percentage of kills by you in the entire game.
 C = Kills by friends in this place as a percentage of kills by friends in the entire game.
 D = Other kills in this place as a percentage of other kills in the entire game.
 E = Experience gained in this place as a percentage of experience gained in the entire game.
 F = Experience gained in this place divided by the number of levels of this place that you have seen.
                   A       B       C       D       E      F
               +-------+-------+-------+-------+-------+----------------------
         Total | 100.0 | 100.0 |   N/A |   N/A | 100.0 | 165.6
       Dungeon |  97.4 |  97.4 |   N/A |   N/A |  99.8 | 192.8
       Ossuary |   2.6 |   2.6 |   N/A |   N/A |   0.2 |   2.0
               +-------+-------+-------+-------+-------+----------------------

Table legend: (Time is in decaauts)
 A = Elapsed time spent in this place.
 B = Non-inter-level travel time spent in this place.
 C = Inter-level travel time spent in this place.
 D = Time resting spent in this place.
 E = Time spent auto-exploring this place.
 F = Levels seen in this place.
 G = Mean time per level.
                   A        B        C        D        E       F      G
               +--------+--------+--------+--------+--------+-----+--------+
         Total |   3201 |   3097 |    104 |    635 |   1662 |   7 |  457.3 |
       Dungeon |   3159 |   3055 |    104 |    635 |   1643 |   6 |  526.5 |
       Ossuary |     41 |     41 |      0 |      0 |     19 |   1 |   41.0 |
               +--------+--------+--------+--------+--------+-----+--------+

Top non-repeatable levels by time:
     D:1: 924 daAuts
     D:6: 632 daAuts
     D:2: 590 daAuts
     D:3: 517 daAuts
     D:4: 403 daAuts
     D:5: 90 daAuts
 Ossuary: 41 daAuts
